 Dungeon Crawl Stone Soup version 0.27-a0-965-gbf8bb431c4 (webtiles) character file.

Game seed: 11856325226314673643

1916 siradein the Thaumaturge (level 9, -1/55 HPs)
             Began as a Djinni Venom Mage on Apr 13, 2021.
             Was an Initiate of Makhleb.
             Shot with a sling bullet by an orc warrior (10 damage)
             ... on level 6 of the Dungeon.
             The game lasted 00:32:04 (9506 turns).

siradein the Thaumaturge (Djinni Venom Mage)        Turns: 9506, Time: 00:32:05

Health: -1/55      AC:  9    Str:  7    XL:     9   Next: 16%
Gold:   306        EV:  7    Int: 20    God:    Makhleb [......] SH:  0 Dex: 14

rFire    + + .     SeeInvis .   s - +2 dire flail (holy)
rCold    . . .     Faith    .   (shield currently unavailable)
rNeg     . . .     Spirit   .   t - +3 scale mail {rC+}
rPois    ∞         Reflect  .   (no helmet)
rElec    .         Harm     .   (no cloak)
rCorr    .         Rampage  .   (no gloves)
Will     .....                  (boots unavailable)
Stlth    ..........             (no amulet)
HPRegen  0.18/turn              (no ring)
MPRegen  0.00/turn              (no ring)

@: flying
A: fire resistance 2, cold vulnerability 1, float, innate caster, hp casting,
extra vitality 1
a: Renounce Religion


You were on level 6 of the Dungeon.
You worshipped Makhleb.
Makhleb was noncommittal.
You visited 2 branches of the dungeon, and saw 7 of its levels.

You collected 306 gold pieces.

Inventory:

Hand Weapons
 s - a +2 dire flail of holy wrath (weapon)
Missiles
 e - a throwing net
Armour
 t - a +3 scale mail of cold resistance (worn)
Magical Staves
 o - a staff of death
Jewellery
 u - a +4 ring of evasion
Wands
 c - a wand of digging (5)
Scrolls
 a - a scroll of fear {unknown}
 b - a scroll of magic mapping {unknown}
 f - a scroll of noise {unknown}
 g - 2 scrolls of teleportation {unknown}
 k - a scroll of fog {unknown}
 l - 2 scrolls of identify
 q - a scroll of enchant weapon {unknown}
Potions
 d - 2 potions of heal wounds
 h - 3 potions of curing
 i - 2 potions of berserk rage {unknown}
 j - 2 potions of lignification {unknown}
 m - a potion of attraction {unknown}
 n - a potion of resistance {unknown}
 p - a potion of brilliance {unknown}
 r - a potion of cancellation {unknown}


   Skills:
 - Level 2.1 Dodging
 - Level 1.5 Stealth
 + Level 10.1 Spellcasting


You had 7 spell levels left.
You knew the following spells:

 Your Spells              Type           Power      Damage    Failure   Level
a - Sting                 Tmut/Pois      100%       1d8       1%          1
b - Poisonous Vapours     Pois/Air       100%       N/A       2%          2
c - Mephitic Cloud        Conj/Pois/Air  50%        N/A       4%          3
d - Ignite Poison         Fire/Tmut/Pois 50%        N/A       4%          3
e - Olgreb's Toxic Radia  Pois           50%        N/A       14%         4
f - Magic Dart            Conj           100%       1d8       1%          1
g - Ensorcelled Hibernat  Hex/Ice        100%       N/A       2%          2
h - Corpse Rot            Necr/Air       N/A        N/A       2%          2
i - Lesser Beckoning      Tloc           25%        N/A       4%          3
Your spell library was empty.

Dungeon Overview and Level Annotations

Branches:
Dungeon (6/15)             Temple (1/1) D:6

Altars:
Fedhas
Makhleb
Uskayaw
Xom

Annotations:
D:6 Duvessa


Innate Abilities, Weirdness & Mutations

You are immune to poison.
Your flesh is very heat resistant. (rF++)
You are vulnerable to cold. (rC-)
You float through the air rather than walking.
You learn spells naturally, not from books.
Your magical power is your life essence.
You have superior vitality. (+4 HP)


Message History

Poisonous vapours surround Duvessa!
An orc warrior comes into view. It is wielding a +0 hand axe.
Duvessa is engulfed in poison gas.
Duvessa is poisoned.
The orc warrior hits you with a +0 hand axe.
The orc warrior hits you but does no damage.
The orc warrior unwields a +0 hand axe.
The orc warrior wields a +0 hunting sling.
The orc warrior shoots a sling bullet.
The sling bullet closely misses you.
Duvessa seems less confused.
The orc warrior shoots a sling bullet.
The sling bullet hits you.
An orc and an orc wizard come into view.
The orc wizard shouts!
The orc shouts!
The orc wizard points at you and mumbles some strange words.
The magic dart hits you.
Casting: Poisonous Vapours (safe; 2% risk of failure)
Confirm with . or Enter, or press ? or * to list all spells.
Aiming: Mephitic Cloud (dangerous; 4% risk of failure)
Press: ? - help, Shift-Dir - straight line, p - Duvessa The ball explodes into a vile cloud!
The stinking cloud engulfs the orc wizard but does no damage.
The orc wizard is engulfed in noxious fumes.
The orc wizard appears confused.
Duvessa looks more healthy.
The orc wizard is engulfed in noxious fumes.
The orc warrior shoots a sling bullet.
The sling bullet barely misses you.
The orc wizard is engulfed in noxious fumes.
The orc wizard appears confused.
The orc warrior shoots a sling bullet.
The sling bullet closely misses you.
The orc warrior shoots a sling bullet.
The sling bullet hits you!
* * * LOW HITPOINT WARNING * * *
The orc warrior shoots a sling bullet.
The sling bullet barely misses you.
The orc warrior shoots a sling bullet.
The sling bullet barely misses you.
Casting: Mephitic Cloud (dangerous; 4% risk of failure)
Confirm with . or Enter, or press ? or * to list all spells.
Aiming: Mephitic Cloud (dangerous; 4% risk of failure)
Press: ? - help, Shift-Dir - straight line The ball explodes into a vile cloud!
* * * LOW HITPOINT WARNING * * *
The orc warrior shoots a sling bullet.
The sling bullet hits you!
You die...

..|.......###.........
.........########.....
...#.......## #.....
####...###..## #.....
##.<####..## #.....
#....###..########
#.##.# ##..##
#.##.#####..# #@##...#
##.## ## #.####.#
#..####. #.# #.##
##...... #§##
#..###...####
#§☼####.....#.†.#
##§##.oe.o.####)# #.
#.##.####..# #§.#
#..#o#..# ##.# ##§#
#..o..######.## ..


You could see an orc warrior.

Vanquished Creatures
  Sigmund (D:4)
  2 steam dragons (D:6)
  Edmund (D:5)
  A water moccasin (D:6)
  A black bear (D:5)
  2 necrophages
  An ogre (D:5)
  2 centaurs (D:6)
  A phantom (D:4)
  A gnoll sergeant (D:5)
  2 scorpions
  A water moccasin skeleton (D:6)
  A hound (D:4)
  Natasha (thrice) (D:4)
  2 orc wizards (D:5)
  3 iguanas
  3 hound skeletons (D:4)
  Robin (D:2)
  3 gnolls (D:2)
  A howler monkey skeleton (D:6)
  5 adders
  An ufetubus (D:6)
  2 worms (D:2)
  6 dart slugs
  7 orcs
  3 ball pythons
  3 endoplasms
  2 giant cockroaches
  9 hobgoblins
  6 jackals
  4 quokkas
  6 bats
  10 goblins (D:2)
  8 kobolds
  7 rats
112 creatures vanquished.

Vanquished Creatures (others)
  A plant (D:1)
1 creature vanquished.

Grand Total: 113 creatures vanquished

Notes
Turn   | Place    | Note
-------+----------+-------------------------------------------
     0 | D:1      | siradein the Djinni Venom Mage began the quest for the Orb.
     0 | D:1      | Reached XP level 1. HP: 15/15 MP: 0/0
   298 | D:1      | You are sucked into a shaft and drop 1 floor!
   330 | D:2      | Reached skill level 3 in Spellcasting
   330 | D:2      | Reached XP level 2. HP: 16/21 MP: 0/0
   613 | D:2      | Reached XP level 3. HP: 11/25 MP: 0/0
   613 | D:2      | Learned a level 1 spell: Magic Dart
   881 | D:2      | Reached skill level 4 in Spellcasting
   882 | D:2      | Reached XP level 4. HP: 16/31 MP: 0/0
  1789 | D:2      | Noticed Robin
  1800 | D:2      | Killed Robin
  2630 | D:1      | Reached XP level 5. HP: 28/35 MP: 0/0
  2630 | D:1      | Learned a level 2 spell: Ensorcelled Hibernation
  3727 | D:1      | Found a faded altar of an unknown god.
  3930 | D:3      | Reached skill level 5 in Spellcasting
  4722 | D:4      | Noticed a phantom
  4748 | D:4      | Noticed Natasha
  4754 | D:4      | Killed Natasha
  4937 | D:4      | Noticed a necrophage
  5538 | D:4      | Reached XP level 6. HP: 34/40 MP: 0/0
  5911 | D:4      | Noticed Natasha
  5916 | D:4      | Killed Natasha
  6112 | D:4      | Noticed Natasha
  6116 | D:4      | Killed Natasha
  6195 | D:4      | Reached skill level 6 in Spellcasting
  6236 | D:4      | Noticed Sigmund
  6258 | D:4      | Killed Sigmund
  6259 | D:4      | Reached XP level 7. HP: 34/45 MP: 0/0
  6259 | D:4      | Learned a level 2 spell: Corpse Rot
  6451 | D:4      | Reached skill level 7 in Spellcasting
  6928 | D:5      | Entered Level 5 of the Dungeon
  7226 | D:5      | Reached skill level 8 in Spellcasting
  7226 | D:5      | Reached XP level 8. HP: 35/50 MP: 0/0
  7684 | D:5      | Noticed Edmund
  7700 | D:5      | Killed Edmund
  8224 | D:5      | Reached skill level 9 in Spellcasting
  9124 | D:6      | Found a staircase to the Ecumenical Temple.
  9216 | D:6      | Reached XP level 9. HP: 34/55 MP: 0/0
  9216 | D:6      | Learned a level 3 spell: Lesser Beckoning
  9223 | Temple   | Entered the Ecumenical Temple
  9345 | Temple   | Became a worshipper of Makhleb the Destroyer
  9463 | D:6      | Reached skill level 10 in Spellcasting
  9483 | D:6      | Noticed Duvessa
  9506 | D:6      | Shot with a sling bullet by an orc warrior

Illustrated notes

Levels and vault maps discovered:
D:1:      minmay_arrival_radiant_lines, layout_basic,
          hellmonk_ecumenical_altar_heavens_door, serial_forest,
          infiniplex_forest_lined_room_, infiniplex_forest_clump_cross,
          infiniplex_forest_fountain, infiniplex_forest_straight_5,
          infiniplex_forest_straight_2, infiniplex_forest_clump_double,
          minivault_23
D:2:      layout_basic, uniq_robin
D:3:      layout_basic
D:4:      layout_loops_ring, uniq_natasha, uniq_sigmund
D:5:      layout_loops_ring, dk_noncrumbling_2, kennysheep_generic_room_6,
          uniq_edmund
D:6:      layout_rooms, marbit_many_paths, temple_statues, uniq_duvessa,
          uniq_crazy_yiuf_cottage
Temple:   kb_temple_of_zot

Skill      XL: |  1  2  3  4  5  6  7  8  9 |
---------------+----------------------------+-----
Spellcasting   | 3 4 5 6 8 9 10 | 10.1
Dodging        | |  2.1
Stealth        | |  1.5

Action                   |  1- 3 |  4- 6 |  7- 9 || total
-------------------------+-------+-------+-------++-------
Melee: Unarmed           |     1 |       |       ||     1
Throw: Throwing net      |       |     2 |       ||     2
 Cast: Sting             |    27 |       |       ||    27
       Poisonous Vapours |     6 |   116 |    42 ||   164
       Magic Dart        |       |    27 |    36 ||    63
       Mephitic Cloud    |       |     1 |    14 ||    15
       Olgreb's Toxic Ra |       |     1 |       ||     1
       Ignite Poison     |       |       |    16 ||    16
  Use: Scroll            |       |     3 |       ||     3
Armor: Robe              |     1 |     7 |       ||     8
       Leather armour    |       |     8 |     3 ||    11
       Scale mail        |       |       |     8 ||     8
Dodge: Dodged            |    10 |    30 |    15 ||    55

Table legend: (Time is in decaauts)
 A = Elapsed time spent in this place.
 B = Non-inter-level travel time spent in this place.
 C = Inter-level travel time spent in this place.
 D = Time resting spent in this place.
 E = Time spent auto-exploring this place.
 F = Levels seen in this place.
 G = Mean time per level.
                   A        B        C        D        E       F      G
               +--------+--------+--------+--------+--------+-----+--------+
         Total |   9509 |   9372 |    137 |   1281 |   6810 |   7 | 1358.4 |
       Dungeon |   9381 |   9244 |    137 |   1281 |   6694 |   6 | 1563.5 |
        Temple |    128 |    128 |      0 |      0 |    116 |   1 |  128.0 |
               +--------+--------+--------+--------+--------+-----+--------+

Top non-repeatable levels by time:
     D:2: 2336 daAuts
     D:4: 2171 daAuts
     D:5: 1841 daAuts
     D:1: 1510 daAuts
     D:3: 1134 daAuts
     D:6: 387 daAuts
  Temple: 128 daAuts
